 Dungeon Crawl Stone Soup version 0.13-a0-2557-g7ea0453 (webtiles) character file.

424 Psiweapon the Slicer (level 6, -4/38 HPs)
             Began as a Kobold Berserker on July 29, 2013.
             Was a Believer of Trog.
             Slain by Pereza0's ghost (9 damage)
             ... on Level 3 of the Dungeon.
             The game lasted 00:22:42 (3448 turns).

Psiweapon the Slicer (Kobold Berserker)             Turns: 3448, Time: 00:22:43

HP  -4/38        AC  8     Str 17      XL: 6   Next: 61%
MP   5/5         EV 10     Int  5      God: Trog [**....]
Gold 128         SH  0     Dex 16      Spells:  0 memorised,  5 levels left

Res.Fire  : . . .   See Invis. : .   H - -2 sling (curse)
Res.Cold  : . . .   Warding    : .   s - +0 scale mail
Life Prot.: . . .   Conserve   : .   (no shield)
Res.Poison: .       Res.Corr.  : .   (no helmet)
Res.Elec. : .       Clarity    : .   (no cloak)
Sust.Abil.: . .     Spirit.Shd : .   f - +0 pair of gauntlets
Res.Mut.  : .       Stasis     : .   w - +0 pair of dwarf boots
Res.Rott. : .       Flight     : .   (no amulet)
Saprovore : + + .                    (no ring)
                                     (no ring)

@: exhausted, slowed, very slow, slightly resistant to hostile enchantments,
extremely unstealthy
A: disease resistance, carnivore 3, saprovore 2
a: Burn Spellbooks, Berserk, Trog's Hand, Renounce Religion


You were on level 3 of the Dungeon.
You worshipped Trog.
Trog was most pleased with you.
You were full.

You visited 1 branch of the dungeon, and saw 3 of its levels.

You collected 108 gold pieces.

Inventory:

Hand weapons
 a - a +0,+0 short sword
 d - a +0,+0 hand axe
 g - a +0,+0 dagger
 i - a +2,+0 elven short sword
 q - a +0,+0 sling
 H - a cursed -2,-2 sling (weapon)
Missiles
 j - 50 stones (quivered)
 C - 24 darts of frost
Armour
 b - a +0 animal skin
 f - a +0 pair of gauntlets (worn)
 h - a +0 ring mail
 s - a +0 scale mail (worn)
 w - a +0 pair of dwarven boots (worn)
Comestibles
 c - 3 meat rations
 B - a sausage
 E - 2 rotting chunks of orc flesh
Scrolls
 k - a scroll of fear
 l - a scroll of enchant armour
 m - 2 scrolls of identify
 u - 3 scrolls of teleportation
 v - a scroll of random uselessness {unknown}
 x - a scroll of recharging {unknown}
 y - a scroll of amnesia {unknown}
 G - a scroll of enchant weapon II {unknown}
Potions
 e - a potion of resistance {unknown}
 n - a potion of heal wounds {unknown}
 o - 2 potions of curing
 p - a potion of speed {unknown}
 r - a potion of might {unknown}
 t - 2 potions of poison {unknown}
 z - a potion of invisibility {unknown}
 A - a potion of restore abilities {unknown}
 D - a potion of brilliance {unknown}
 F - a potion of paralysis {unknown}


   Skills:
 - Level 3.2 Fighting
 - Level 9.0 Short Blades
 + Level 0.2 Slings
 + Level 1.6 Armour
 - Level 2.4 Dodging
 + Level 0.4 Stealth


You had 5 spell levels left.
You didn't know any spells.

Dungeon Overview and Level Annotations

Branches:
Dungeon (3/27)

Altars:
Elyvilon
Nemelex Xobeh
Okawaru
the Shining One

Annotations
D:3 Pereza0's ghost, weakling MiFi


Innate Abilities, Weirdness & Mutations

You recuperate from illness quickly.
You are small and have problems with some larger weapons.
You are carnivorous and can eat meat at any time.
You can eat rotten meat.


Message History

You clumsily bash Pereza0's ghost but do no damage.
Pereza0's ghost is almost destroyed.
Your skin stops crawling.
You feel less resistant to hostile enchantments.
Pereza0's ghost hits you.
Pereza0's ghost hits you but does no damage.
You clumsily bash Pereza0's ghost but do no damage.
Pereza0's ghost is almost destroyed.
Pereza0's ghost hits you!
* * * LOW HITPOINT WARNING * * *
You clumsily bash Pereza0's ghost but do no damage.
Pereza0's ghost is almost destroyed.
Pereza0's ghost hits you.
* * * LOW HITPOINT WARNING * * *
Pereza0's ghost closely misses you. Pereza0's ghost hits you.
* * * LOW HITPOINT WARNING * * *
You clumsily bash Pereza0's ghost but do no damage.
Pereza0's ghost is almost destroyed.
Pereza0's ghost barely misses you. Pereza0's ghost hits you!
You die...

### ..#
#.# #.#
#.#
#######.#
.........#
#p# #@#
#.# #.#
#.# #.#
#.# #.#
#.# #.#


You could see Pereza0's ghost.

Vanquished Creatures
  A sky beast (D:3)
  7 gnolls
  5 adders
  2 giant geckos
  7 orcs (D:3)
  11 bats
  4 giant cockroaches
  11 goblins
  7 hobgoblins
  8 jackals
  10 kobolds
  A giant newt (D:1)
  6 rats
80 creatures vanquished.

Notes
Turn   | Place    | Note
--------------------------------------------------------------
     0 | D:1      | Psiweapon, the Kobold Berserker, began the quest for the Orb.
     0 | D:1      | Reached XP level 1. HP: 14/14 MP: 0/0
   475 | D:1      | Reached XP level 2. HP: 13/19 MP: 1/1
   926 | D:1      | Reached skill level 5 in Short Blades
  1056 | D:1      | Reached XP level 3. HP: 24/24 MP: 2/2
  1524 | D:2      | Acquired Trog's second power
  1616 | D:2      | Found a sparkling altar of Nemelex Xobeh.
  1666 | D:2      | Reached skill level 6 in Short Blades
  1666 | D:2      | Reached XP level 4. HP: 26/28 MP: 3/3
  1679 | D:2      | Found a glowing golden altar of the Shining One.
  1691 | D:2      | Found an iron altar of Okawaru.
  2180 | D:2      | Reached skill level 7 in Short Blades
  2180 | D:2      | Reached XP level 5. HP: 31/33 MP: 4/4
  2565 | D:3      | Noticed a sky beast
  2594 | D:3      | Killed a sky beast
  2594 | D:3      | Reached skill level 8 in Short Blades
  2594 | D:3      | Reached XP level 6. HP: 25/38 MP: 5/5
  2962 | D:3      | Found a white marble altar of Elyvilon.
  2971 | D:3      | Reached skill level 9 in Short Blades
  3426 | D:3      | Noticed Pereza0's ghost (weakling MiFi)
  3448 | D:3      | Slain by Pereza0's ghost

Action                   |  1- 3 |  4- 6 || total
-------------------------+-------+-------++-------
Melee: Short sword       |   120 |   135 ||   255
       Sling             |       |    35 ||    35
 Fire: Sling             |       |    98 ||    98
Throw: Dagger            |     1 |       ||     1
       Hand axe          |     1 |       ||     1
Invok: Berserk           |     4 |     6 ||    10
       Trog's Hand       |       |     6 ||     6
  Use: Scroll            |       |     2 ||     2
       Potion            |       |     1 ||     1
